 Dungeon Sprint DCSS version 0.27-a0-538-g15ff5c5295 (webtiles) character file.

Game seed: 3824746260398013531

1691 mhtbhm the Cleaver (level 8, -4/118 HPs)
             Began as a Minotaur Fighter on Mar 6, 2021.
             Was the Champion of Trog.
             Killed by vampiric draining
             ... invoked by a vampire mage
              (19 damage)
             ... in the Dungeon (Sprint VII: "The Pits").
             The game lasted 00:01:51 (1176 turns).

mhtbhm the Cleaver (Minotaur Fighter)               Turns: 1176, Time: 00:01:52

Health: -4/118     AC: 17    Str: 22    XL:     8   Next: 72%
Magic:  7/7        EV:  9    Int:  5    God:    Trog [******]
Gold:   0          SH: 13    Dex: 11    Spells: 7/7 levels left

rFire    . . .     SeeInvis .   a - +2 war axe (flame)
rCold    . . .     Faith    .   c - +0 kite shield
rNeg     . . .     Spirit   .   b - +4 chain mail
rPois    .         Reflect  .   (helmet restricted)
rElec    .         Harm     .   q - +0 cloak
rCorr    .         Rampage  .   (no gloves)
Will     .....     NoTele   +   (no boots)
Stlth    ..........             (no amulet)
HPRegen  0.29/turn              (no ring)
MPRegen  0.10/turn              (no ring)

@: berserking, slowed
A: horns 2, retaliatory headbutt
a: Renounce Religion, Berserk, Trog's Hand, Brothers in Arms


You were in the Dungeon.
You worshipped Trog.
Trog was exalted by your worship.
You visited 1 branch

Inventory:

Hand Weapons
 a - a +2 war axe of flaming (weapon)
Armour
 b - a +4 chain mail (worn)
 c - a +0 kite shield (worn)
 q - a +0 cloak (worn)
Jewellery
 m - a +3 ring of strength
 n - a +3 ring of intelligence
Scrolls
 j - a scroll of blinking
 l - a scroll of summoning
Potions
 d - a potion of might
 e - 9 potions of curing
 f - 10 potions of heal wounds
 g - a potion of haste
 h - 4 potions of magic
 i - 5 potions of berserk rage
 k - 2 potions of invisibility
 o - a potion of resistance
 p - a potion of mutation


   Skills:
 + Level 10.3 Fighting
 + Level 12.7 Axes
 + Level 11.3 Armour
 + Level 4.4 Dodging
 + Level 1.4 Stealth
 + Level 12.2 Shields


You had 7 spell levels left.
You didn't know any spells.
Your spell library was empty.

Dungeon Overview and Level Annotations

Branches:
Dungeon (1/1)

Altars:
Ashenzari
Cheibriados
Dithmenos
Elyvilon
Fedhas
Gozag
Hepliaklqana
Kikubaaqudgha
Makhleb
Nemelex Xobeh
Okawaru
Qazlal
Ru
Sif Muna
Trog
Uskayaw
Vehumet
Wu Jian
Xom
Yredelemnul
Zin
The Shining One
Beogh
Jiyva
Lugonu


Innate Abilities, Weirdness & Mutations

You have a pair of horns on your head.
You reflexively headbutt those who attack you in melee.


Message History

A red film seems to cover your vision as you go berserk!
You feel yourself moving faster!
You feel mighty! You block the bat skeleton's attack. x2
The bat skeleton hits you but does no damage.
Something hits you but does no damage. Something bites you.
* * * LOW HITPOINT WARNING * * *
Something draws strength from your injuries!
You block the wraith's attack.
The flayed ghost cries, "Feel what I felt!"
The bat skeleton hits you but does no damage.
Something hits you but does no damage. Something bites you but does no damage.
The wraith hits you but does no damage. The flayed ghost hits you!
* * * LOW HITPOINT WARNING * * *
The bat skeleton barely misses you.
You slash the flayed ghost! You burn the flayed ghost.
Your headbutt misses the flayed ghost.
The flayed ghost is heavily damaged.
You slash the bat skeleton! You burn the bat skeleton.
You destroy the bat skeleton!
You slash something! You burn something. You slash the wraith!
You burn the wraith. Something hits you but does no damage.
Something bites you but does no damage. You block the wraith's attack.
The flayed ghost stares at you with tortured malice.
You barely miss the flayed ghost. You headbutt the flayed ghost.
The flayed ghost is heavily damaged.
You hit something. You burn something. You barely miss the wraith.
You hear some strange, mumbled words.
A bolt of negative energy appears from out of thin air!
The bolt of negative energy misses you. The wraith closely misses you.
You furiously retaliate!
You headbutt the wraith!!
You destroy the wraith!
You slash the flayed ghost! You burn the flayed ghost.
You headbutt the flayed ghost!
You destroy the flayed ghost!
The terrible wounds on your body vanish.
You hit something but do no damage. Something draws life force from you!
* * * LOW HITPOINT WARNING * * *
Unknown command.
You barely miss something. Something draws life force from you!!
You die...

#..# #..# #..#
####### #..#
..##..# #..#
..##..# #..#
..''..# #.{#
..''..##########@.#
..##)[)...........#
..##...)..........#
###################


There were no monsters in sight!

Vanquished Creatures
  A shadow wraith (D)
  A cane toad (D)
  A water elemental (D)
  A floating eye (D)
  An orc warrior (D)
  An ice beast (D)
  2 phantoms (D)
  A scorpion (D)
  3 orc priests (D)
  3 orc wizards (D)
  A worker ant (D)
  A mummy (D)
  2 adders (D)
  A gnoll (D)
  A white imp (D)
  A leopard gecko (D)
  8 orcs (D)
  2 bats (D)
  A bat zombie (D)
  A giant cockroach (D)
  A hobgoblin (D)
  4 jackals (D)
  A quokka zombie (D)
  A rat (D)
41 creatures vanquished.

Notes
Turn   | Place    | Note
-------+----------+-------------------------------------------
     0 | D        | mhtbhm the Minotaur Fighter began the quest for the Orb.
     0 | D        | Reached XP level 1. HP: 19/19 MP: 0/0
     8 | D        | Noticed a floating eye
    11 | D        | Paralysed by a floating eye for 4 turns
    16 | D        | Killed a floating eye
    17 | D        | Reached XP level 2. HP: 34/34 MP: 1/1
    17 | D        | Reached XP level 3. HP: 39/39 MP: 2/2
    17 | D        | Reached XP level 4. HP: 47/47 MP: 3/3
    21 | D        | Found a bloodstained altar of Trog.
    21 | D        | Found a shimmering blue altar of Sif Muna.
    21 | D        | Found a viscous altar of Jiyva.
    21 | D        | Found a hazy altar of Hepliaklqana.
    21 | D        | Found an opulent altar of Gozag.
    22 | D        | Found a glowing golden altar of the Shining One.
    22 | D        | Found a glowing silver altar of Zin.
    22 | D        | Found a basalt altar of Yredelemnul.
    22 | D        | Found a shimmering altar of Xom.
    22 | D        | Found an ornate altar of the Wu Jian Council.
    22 | D        | Found a sacrificial altar of Ru.
    22 | D        | Found a stormy altar of Qazlal.
    22 | D        | Found an iron altar of Okawaru.
    22 | D        | Found a sparkling altar of Nemelex Xobeh.
    22 | D        | Found a burning altar of Makhleb.
    22 | D        | Found a blossoming altar of Fedhas.
    22 | D        | Found a white marble altar of Elyvilon.
    22 | D        | Found a shadowy altar of Dithmenos.
    22 | D        | Found a snail-covered altar of Cheibriados.
    24 | D        | Found a radiant altar of Vehumet.
    24 | D        | Found a corrupted altar of Lugonu.
    26 | D        | Became a worshipper of Trog the Wrathful
    74 | D        | Reached * piety under Trog
    97 | D        | Reached ** piety under Trog
    98 | D        | Reached XP level 5. HP: 31/52 MP: 4/4
   265 | D        | Reached skill level 5 in Axes
   268 | D        | Reached *** piety under Trog
   278 | D        | Reached skill level 1 in Dodging
   506 | D        | Noticed an ice beast
   517 | D        | Reached **** piety under Trog
   531 | D        | Killed an ice beast
   531 | D        | Reached ***** piety under Trog
   532 | D        | Reached XP level 6. HP: 46/62 MP: 5/5
   685 | D        | Received a gift from Trog
   712 | D        | Reached skill level 10 in Shields
   712 | D        | Reached XP level 7. HP: 70/70 MP: 6/6
   728 | D        | Received a gift from Trog
   736 | D        | Killed a shadow wraith
   737 | D        | Reached skill level 10 in Armour
   737 | D        | Reached skill level 1 in Stealth
   737 | D        | Reached XP level 8. HP: 15/79 MP: 7/7
  1054 | D        | Found a hide-covered altar of Uskayaw.
  1054 | D        | Found an ancient bone altar of Kikubaaqudgha.
  1054 | D        | Found a broken altar of Ashenzari.
  1080 | D        | Noticed a cane toad
  1088 | D        | Killed a cane toad
  1089 | D        | Reached skill level 10 in Fighting
  1158 | D        | Noticed a vampire mage
  1167 | D        | Noticed a flayed ghost
  1169 | D        | Reached ****** piety under Trog
  1176 | D        | Killed from afar by a vampire mage

Illustrated notes

Levels and vault maps discovered:
D:        pitsprint [storerooms_1, entrance_room_1, metal_vault_1, armoury_1,
          mini_pit_1, grid_room_1, main_hall_1, silver_pit, the_coven_3,
          the_vestibule_1, steel_vault_2, golden_pit, hallway_of_sentries,
          crystal_vault_3, iron_vault_5, final_vault]

Skill      XL: |  1  2  3  4  5  6  7  8 |
---------------+-------------------------+-----
Fighting       | 7 8 9 10 | 10.3
Axes           | 4 7 9 11 12 | 12.7
Armour         | 6 7 8 9 10 11 | 11.3
Shields        | 6 7 9 10 11 12 | 12.2
Dodging        | 2 4 |  4.4
Stealth        | 1 |  1.4

Action                   |  1- 3 |  4- 6 |  7- 9 || total
-------------------------+-------+-------+-------++-------
Melee: War axe           |     4 |       |    23 ||    27
       Hand axe          |       |    96 |    22 ||   118
       Headbutt          |       |    15 |    12 ||    27
Invok: Berserk           |       |     1 |     3 ||     4
Armor: Scale mail        |       |    18 |       ||    18
       Chain mail        |       |    31 |    28 ||    59
Dodge: Dodged            |       |    30 |    14 ||    44
Block: Kite shield       |       |    53 |    38 ||    91

Table legend: (Time is in decaauts)
 A = Elapsed time spent in this place.
 B = Non-inter-level travel time spent in this place.
 C = Inter-level travel time spent in this place.
 D = Time resting spent in this place.
 E = Time spent auto-exploring this place.
 F = Levels seen in this place.
 G = Mean time per level.
                   A        B        C        D        E       F      G
               +--------+--------+--------+--------+--------+-----+--------+
         Total |   1236 |   1236 |      0 |    372 |    415 |   1 | 1236.0 |
       Dungeon |   1236 |   1236 |      0 |    372 |    415 |   1 | 1236.0 |
               +--------+--------+--------+--------+--------+-----+--------+

Top non-repeatable levels by time:
       D: 1236 daAuts
